 Dungeon Crawl Stone Soup version 0.31-a0-23-gcbde74481b (webtiles) character file.

Game seed: 15926890005935404171

3 BlueFish the Sneak (level 1, 0/19 HPs)
             Began as a Draconian Delver on May 14, 2023.
             Slain by an iguana (8 damage)
             ... on level 4 of the Dungeon.
             The game lasted 00:00:43 (146 turns).

BlueFish the Sneak (Draconian Delver)                Turns: 146, Time: 00:00:44

Health: 0/19       AC:  4    Str: 14    XL:     1   Next: 41%
Magic:  1/1        EV: 12    Int: 10    God:
Gold:   29         SH:  0    Dex: 12    Spells: 0/0 levels left

rFire   . . .        a - +0 short sword
rCold   . . .        (no shield)
rNeg    . . .        (body armour unavailable)
rPois   .            (helmet restricted)
rElec   .            (no cloak)
rCorr   .            (no gloves)
SInv    .            (no boots)
Will    .....        (no amulet)
Stlth   +++          (no ring)
HPRegen 0.23/turn    (no ring)
MPRegen 0.07/turn

%: no passive effects
@: no status effects
A: AC +4, unfitting armour, cold-blooded
a: no special abilities


You were on level 4 of the Dungeon.
You visited 1 branch of the dungeon, and saw 2 of its levels.

You collected 29 gold pieces.

Inventory:

Hand Weapons
 a - a +0 short sword (weapon)
Wands
 f - a wand of digging (3)
 i - a wand of flame (29)
Scrolls
 b - a scroll of fog
 c - a scroll of magic mapping
 d - a scroll of fear
 h - a scroll of teleportation {unknown}
Potions
 e - a potion of haste
 g - a potion of ambrosia {unknown}


   Skills:
 + Level 3.3 Fighting
 + Level 2.1 Short Blades
 + Level 1.8 Dodging
 + Level 4.5 Stealth


You couldn't memorise any spells.
You didn't know any spells.
Your spell library was empty.

Dungeon Overview and Level Annotations

Branches:
Dungeon (5/15)
 Temple: D:4-7

Altars:

Annotations:
D:5 Prince Ribbit


Innate Abilities, Weirdness & Mutations

Your plain brown scales are hard. (AC +4)
You cannot fit into any form of body armour.
You are cold-blooded and may be slowed by cold attacks.


Message History

Found a stone staircase leading down.
There is an open door here.
There is a stone staircase leading down here.
Found 16 gold pieces.
As you open the door, it creaks loudly!
There is an open door here.
Found 6 stones.
You now have 29 gold pieces (gained 16).
A ball python comes into view.
A scorpion comes into view.
An iguana comes into view.
Found 8 gold pieces.
The iguana hisses angrily.
The ball python hisses angrily.
You closely miss the ball python.
Your tail-slap misses the ball python.
The ball python bites you but does no damage.
The ball python grabs you. The ball python constricts you.
You hit the ball python.
You kill the ball python!
The iguana barely misses you.
You see here a ball python corpse.
You hit the iguana but do no damage. The iguana closely misses you.
You closely miss the iguana. The iguana bites you.
You barely miss the iguana. The iguana closely misses you.
You closely miss the iguana. The iguana bites you.
You hit the iguana but do no damage. The iguana barely misses you.
You hit the iguana but do no damage. The iguana barely misses you.
You hit the iguana but do no damage. You barely miss the iguana.
You tail-slap the iguana.
The iguana is moderately wounded.
The iguana barely misses you.
You hit the iguana.
The iguana is moderately wounded.
The iguana bites you.
You hit the iguana but do no damage.
Your tail-slap misses the iguana.
The iguana is moderately wounded.
The iguana bites you.
You hit the iguana but do no damage.
The iguana is moderately wounded.
The iguana bites you!
You die...

#.# #........... #.#
###....## #.# #....# #.#
#....# #.# #....#
#.####### #.#####....####
#........
#........................
#######....######........
#........@l.##........
#........##.##........
#.....##.#...#........
#.....##.###.#......$.
#.....##..............
#.....######.##l......
#.....# #.# .......
#....^# #.# .......
####### #.# #.#####


You could see an iguana.

Vanquished Creatures
  An endoplasm (D:4)
  2 ball pythons (D:4)
3 creatures vanquished.

Notes
Turn   | Place    | Note
-------+----------+-------------------------------------------
     0 | D:5      | BlueFish the Draconian Delver began the quest for the Orb.
     0 | D:5      | Reached XP level 1. HP: 19/19 MP: 1/1
     8 | D:5      | Noticed Prince Ribbit
   120 | D:4      | Noticed a scorpion
   124 | D:4      | Noticed an iguana
   146 | D:4      | Slain by an iguana

Illustrated notes

Levels and vault maps discovered:
D:4:      layout_basic, gammafunk_temple_overflow_statue
D:5:      layout_basic, hellmonk_no_cap, uniq_prince_ribbit1

Action                     || total
---------------------------++-------
  Melee: Short sword       ||    15
         Tailslap          ||     2
   Stab: Sleeping          ||     1
 Armour: Skin              ||     1
  Dodge: Dodged            ||     6

Table legend: (Time is in decaauts)
 A = Elapsed time spent in this place.
 B = Non-inter-level travel time spent in this place.
 C = Inter-level travel time spent in this place.
 D = Time resting spent in this place.
 E = Time spent auto-exploring this place.
 F = Levels seen in this place.
 G = Mean time per level.
                   A        B        C        D        E       F      G
               +--------+--------+--------+--------+--------+-----+--------+
         Total |    144 |    144 |      0 |      0 |      0 |   2 |   72.0 |
       Dungeon |    144 |    144 |      0 |      0 |      0 |   2 |   72.0 |
               +--------+--------+--------+--------+--------+-----+--------+

Top non-repeatable levels by time:
     D:4: 133 daAuts
     D:5: 11 daAuts
